 Dungeon Crawl Stone Soup version 0.28-a0-474-g535839065c (webtiles) character file.

Game seed: 2290481691628307651

91 frimble the Grasshopper (level 4, -2/29 HPs)
             Began as an Octopode Warper on Sept 16, 2021.
             Slain by Edmund (12 damage)
             ... on level 4 of the Dungeon.
             The game lasted 00:03:38 (3141 turns).

frimble the Grasshopper (Octopode Warper)           Turns: 3141, Time: 00:03:38

Health: -2/29      AC:  1    Str: 10    XL:     4   Next: 57%
Magic:  5/7        EV: 13    Int: 16    God:
Gold:   146        SH:  0    Dex: 11    Spells: 5/7 levels left

rFire   . . .      SeeInvis .   a - +0 short sword
rCold   . . .      Faith    .   (no shield)
rNeg    . . .      Spirit   .   (helmet restricted)
rPois   .          Reflect  .   (no amulet)
rElec   .          Harm     .   (no ring)
rCorr   .          Rampage  .   (no ring)
Will    .....                   (no ring)
Stlth   +++.......              (no ring)
HPRegen 0.09/turn               (no ring)
MPRegen 0.10/turn               (no ring)
                                (no ring)
                                (no ring)

@: no status effects
A: almost no armour, amphibious, 8 rings, camouflage 1, gelatinous body 1,
(nimble swimmer 1), tentacles
a: no special abilities


You were on level 4 of the Dungeon.
You visited 1 branch of the dungeon, and saw 4 of its levels.

You collected 146 gold pieces.

Inventory:

Hand Weapons
 a - a +0 short sword (weapon)
Missiles
 c - a boomerang of dispersal (quivered)
Armour
 j - a +0 buckler
Jewellery
 l - a ring of flight
 n - an amulet of reflection
Scrolls
 b - a scroll of blinking
 f - a scroll of summoning {unknown}
 h - a scroll of teleportation {unknown}
 p - a scroll of fog {unknown}
Potions
 d - a potion of lignification {unknown}
 e - a potion of ambrosia {unknown}
 g - a potion of cancellation
 k - a potion of flight {unknown}
 m - a potion of magic {unknown}
 o - a potion of attraction {unknown}


   Skills:
 - Level 2.0 Fighting
 + Level 3.1 Short Blades
 + Level 1.6 Throwing
 - Level 2.3 Dodging
 + Level 3.2 Stealth
 - Level 2.0 Spellcasting
 - Level 3.5 Translocations


You had 5 spell levels left.
You knew the following spells:

 Your Spells              Type           Power      Damage    Failure   Level
a - Blink                 Tloc           N/A        N/A       7%          2

Your spell library contained the following spells:

 Spells                   Type           Power      Damage    Failure   Level
 Gell's Gravitas          Tloc           6%         N/A       14%         3
 Lesser Beckoning         Tloc           13%        N/A       14%         3
 Teleport Other           Tloc           13%        N/A       14%         3
 Manifold Assault         Tloc           13%        N/A       78%         5


Dungeon Overview and Level Annotations

Branches:
Dungeon (4/15)
 Temple: D:4-7

Altars:
Ru
Wu Jian

Shops:
D:1 =

Annotations:
D:2 Sigmund
D:4 Edmund


Innate Abilities, Weirdness & Mutations

You cannot wear most types of armour.
You are amphibious.
You can wear up to eight rings at the same time.
Your skin changes colour to match your surroundings (Stealth+).
Your rubbery body absorbs attacks. (AC +1, EV +1)
((You are camouflaged near water. (Stealth+)))
You have tentacles for arms and can constrict up to eight enemies at once.


Message History

Aim: Edmund, wielding a +0 dire flail of protection and wearing a +0 scale mail (lightly wounded, very poisoned, 60% to hit)
You throw a poisoned dart.
The poisoned dart closely misses Edmund.
The endoplasm barely misses you.
Edmund says, "I'm quite good with sums, too."
You hit the endoplasm.
The endoplasm is heavily wounded.
The endoplasm hits you.
You hit the endoplasm.
You kill the endoplasm!
Unknown command.
Unknown command.
Unknown command.
Throw: 5 boomerangs (disperse)
Press: ? - help, Q - select action, (/) - cycle Shift-Dir - straight line, f/p - Edmund
Aim: Edmund, wielding a +0 dire flail of protection and wearing a +0 scale mail (moderately wounded, poisoned, 60% to hit)
You throw a boomerang of dispersal.
The boomerang of dispersal hits Edmund but does no damage.
Edmund is moderately wounded.
Edmund closely misses you.
Throw: 4 boomerangs (disperse)
Press: ? - help, Q - select action, (/) - cycle Shift-Dir - straight line, f/p - Edmund
Aim: Edmund, wielding a +0 dire flail of protection and wearing a +0 scale mail (moderately wounded, poisoned, 60% to hit)
You throw a boomerang of dispersal.
The boomerang of dispersal barely misses Edmund.
Edmund looks more healthy.
Edmund closely misses you.
Throw: 3 boomerangs (disperse)
Press: ? - help, Q - select action, (/) - cycle Shift-Dir - straight line, f/p - Edmund
Aim: Edmund, wielding a +0 dire flail of protection and wearing a +0 scale mail (moderately wounded, 60% to hit)
You throw a boomerang of dispersal.
The boomerang of dispersal barely misses Edmund.
Edmund hits you with a +0 dire flail of protection!
Throw: 2 boomerangs (disperse)
Press: ? - help, Q - select action, (/) - cycle Shift-Dir - straight line, f/p - Edmund
Aim: Edmund, wielding a +0 dire flail of protection and wearing a +0 scale mail (moderately wounded, 60% to hit)
You throw a boomerang of dispersal.
The boomerang of dispersal hits Edmund but does no damage.
Edmund is moderately wounded.
Edmund hits you with a +0 dire flail of protection!
You die...

#...##............. ..
#..(##..........#.# .#
#...###'#........... .
#...# #@#......###J. #
#...# #(#......#
#..###### #...#
#.#......# #........
#...# #........#
#...##### #...#
###@####.# #........
#...#####@## .#
#.<...... ##.........#
. #....<...
#.........###
#.#......
#.........#.. #
##..... #.........#.#
# #.....
#.........#.#.# #.....
#....(....#.#.# #####'
#......(......# #.
#(........#.##########
#.


You could see Edmund.

Vanquished Creatures
  An iguana (D:4)
  An adder (D:2)
  A worm (D:2)
  A dart slug (D:2)
  4 endoplasms
  5 giant cockroaches (D:1)
  6 goblins
  5 hobgoblins
  2 jackals (D:4)
  A quokka (D:3)
  4 ball pythons
  5 bats
  6 frilled lizards
  3 kobolds
  5 rats
50 creatures vanquished.

Notes
Turn   | Place    | Note
-------+----------+-------------------------------------------
     0 | D:1      | frimble the Octopode Warper began the quest for the Orb.
     0 | D:1      | Reached XP level 1. HP: 14/14 MP: 3/3
    49 | D:1      | Found a faded altar of an unknown god.
    89 | D:1      | Reached skill level 1 in Stealth
   334 | D:1      | Reached XP level 2. HP: 19/19 MP: 5/5
   483 | D:1      | Found Royt's Jewellery Emporium.
   892 | D:1      | Learned a level 2 spell: Blink
   910 | D:2      | Reached XP level 3. HP: 21/24 MP: 6/6
  1344 | D:2      | HP: 1/24 [poisoned by an adder]
  1753 | D:2      | Noticed Sigmund
  1803 | D:3      | Found an ornate altar of the Wu Jian Council.
  2065 | D:3      | Found a sacrificial altar of Ru.
  2290 | D:3      | Reached XP level 4. HP: 29/29 MP: 7/7
  3111 | D:4      | Noticed Edmund
  3141 | D:4      | Slain by Edmund

Illustrated notes

Levels and vault maps discovered:
D:1:      tarquinn_simple_flora_water_e, layout_loops_ring, serial_shops,
          nicolae_lakefront_shop, ebering_ecumenical_altar_hall,
          minmay_worlds_worst_comb
D:2:      layout_basic, uniq_sigmund
D:3:      layout_basic, lemuel_tele_altar, mainiacjoe_overflow_cross_hatched,
          nrook_campfire
D:4:      minmay_evil_eye, layout_basic, uniq_edmund

Skill      XL: |  1  2  3  4 |
---------------+-------------+-----
Stealth        | 1 2 3 |  3.2
Short Blades   | 3 |  3.1
Fighting       | |  2.0
Throwing       | |  1.6
Dodging        | |  2.3
Spellcasting   | |  2.0
Translocations | |  3.5

Action                   |  1- 3 |  4- 6 || total
-------------------------+-------+-------++-------
Melee: Short sword       |    87 |    17 ||   104
       Constrict         |    12 |     6 ||    18
       Tentacles         |     8 |     3 ||    11
Throw: Dart              |     4 |     9 ||    13
       Boomerang         |       |     4 ||     4
 Cast: Blink             |     2 |     5 ||     7
  Use: Potion            |     2 |       ||     2
 Stab: Sleeping          |    15 |       ||    15
Armor: Skin              |     5 |     2 ||     7
Dodge: Dodged            |    49 |    16 ||    65

Table legend: (Time is in decaauts)
 A = Elapsed time spent in this place.
 B = Non-inter-level travel time spent in this place.
 C = Inter-level travel time spent in this place.
 D = Time resting spent in this place.
 E = Time spent auto-exploring this place.
 F = Levels seen in this place.
 G = Mean time per level.
                   A        B        C        D        E       F      G
               +--------+--------+--------+--------+--------+-----+--------+
         Total |   3139 |   3068 |     71 |      0 |   2658 |   4 |  784.8 |
       Dungeon |   3139 |   3068 |     71 |      0 |   2658 |   4 |  784.8 |
               +--------+--------+--------+--------+--------+-----+--------+

Top non-repeatable levels by time:
     D:1: 1230 daAuts
     D:3: 1106 daAuts
     D:2: 526 daAuts
     D:4: 276 daAuts
